 Dungeon Crawl Stone Soup version 0.32-a0-290-g598725c5f2 (webtiles) character file.

Game seed: 2358475675275898570

3870 Bravepunisher the Pandemonic (level 10, 0/51 HPs)
             Began as a Spriggan Monk on Feb 13, 2024.
             Was a High Priest of Makhleb.
             Succumbed to a water moccasin's poison
             ... on level 9 of the Dungeon.
             The game lasted 00:25:24 (7837 turns).

Bravepunisher the Pandemonic (Spriggan Monk)        Turns: 7837, Time: 00:25:24

Health: 0/51       AC:  7    Str:  7    XL:     10   Next: 0%
Magic:  20/20      EV: 20    Int: 12    God:    Makhleb [*****.]
Gold:   610        SH:  0    Dex: 22    Spells: 9/9 levels left

rFire   + . .        C - +3 spear (venom)
rCold   + . .        (no shield)
rNeg    . . .        B - +2 robe {rC+ rF+}
rPois   .            (helmet restricted)
rElec   .            y - +2 cloak
rCorr   .            (gloves unavailable)
SInv    +            (boots unavailable)
Will    +....        a - amulet of magic regeneration
Stlth   ++           (no ring)
HPRegen 0.28/turn    (no ring)
MPRegen 0.57/turn

%: no passive effects
@: lethally poisoned (0 -> -11), attractive, very quick
A: very small, no large weapons, unfitting armour, see invisible, speed 3
a: Renounce Religion, Minor Destruction, Lesser Servant of Makhleb, Major
Destruction, Greater Servant of Makhleb


You were on level 9 of the Dungeon.
You worshipped Makhleb.
Makhleb was extremely pleased with you.
You visited 2 branches of the dungeon, and saw 10 of its levels.

You collected 610 gold pieces.

Inventory:

Hand Weapons
 C - a +3 spear of venom (weapon)
Armour
 y - a +2 cloak (worn)
 B - a +2 robe of resistance (worn)
Jewellery
 a - an amulet of magic regeneration (around neck)
Wands
 l - a wand of charming (8)
Scrolls
 e - 3 scrolls of teleportation {unknown}
 g - 3 scrolls of immolation {unknown}
 h - 2 scrolls of vulnerability {unknown}
 j - a scroll of silence {unknown}
 k - 6 scrolls of enchant armour {unknown}
 o - a scroll of acquirement {unknown}
 q - 9 scrolls of identify {unknown}
 s - a scroll of amnesia {unknown}
 t - 2 scrolls of fog {unknown}
 u - 2 scrolls of poison {unknown}
 A - 2 scrolls of enchant weapon {unknown}
Potions
 b - a potion of magic {unknown}
 c - a potion of ambrosia
 d - 2 potions of enlightenment {unknown}
 f - a potion of berserk rage {unknown}
 i - a potion of lignification {unknown}
 n - 3 potions of heal wounds {unknown}
 p - 2 potions of mutation {unknown}
 r - 2 potions of attraction
 w - a potion of cancellation {unknown}
 z - 2 potions of invisibility {unknown}


   Skills:
 + Level 5.5 Fighting
 - Level 3.2 Short Blades
 - Level 4.9 Dodging
 * Level 12.8 Invocations


You had 9 spell levels left.
You didn't know any spells.
Your spell library contained the following spells:

 Spells                   Type           Power      Damage    Failure   Level
 Hailstorm                Conj/Ice       0%         3d5       69%         3
 Summon Ice Beast         Ice/Summ       0%         N/A       69%         3
 Sculpt Simulacrum        Ice/Alch       0%         N/A       100%        6


Dungeon Overview and Level Annotations

Branches:
Dungeon (9/15)             Temple (1/1) D:4
   Lair: D:8-11         Orc: D:9-12

Altars:
Cheibriados
Dithmenos
Elyvilon
Fedhas
Gozag
Kikubaaqudgha
Makhleb
Nemelex Xobeh
Okawaru
Ru
Sif Muna
Trog
Uskayaw
Vehumet
Wu Jian
Yredelemnul
Zin
The Shining One

Shops:
D:6 *   D:7 (


Innate Abilities, Weirdness & Mutations

You are very small and have problems with some larger weapons.
You are too small for most types of armour.
You have supernaturally acute eyesight. (SInv)
You cover ground extremely quickly. (Speed+++)


Message History

You feel sick.
You feel sick.
You feel sick.
You feel sick.
Aiming: Minor Destruction (0% risk of failure)
Press: ? - help, Shift-Dir - straight line, f - water moccasin
Aim: a water moccasin The zap misses the water moccasin.
You feel sick.
Aiming: Minor Destruction (0% risk of failure)
Press: ? - help, Shift-Dir - straight line, f/p - water moccasin
Aim: a water moccasin The glob of acid hits the water moccasin!
The water moccasin is heavily wounded.
You feel sick. The water moccasin barely misses you.
Unknown command.
You feel better.
The water moccasin completely misses you.
The water moccasin misses you.
Aiming: Minor Destruction (0% risk of failure)
Press: ? - help, Shift-Dir - straight line, f/p - water moccasin
Aim: a water moccasin (heavily wounded)
The water moccasin barely resists.
The water moccasin bites you.
* * * LOW HITPOINT WARNING * * *
You are lethally poisoned!
The water moccasin poisons you!
Throw: throwing net
Press: ? - help, Q - select action, (/) - cycle Shift-Dir - straight line, f/p - water moccasin
Aim: a water moccasin (heavily wounded, 46% to hit)
You throw a throwing net.
The throwing net closely misses the water moccasin.
The throwing net completely misses the orc.
* * * LOW HITPOINT WARNING * * *
You feel very sick. The water moccasin bites you.
* * * LOW HITPOINT WARNING * * *
The water moccasin completely misses you.
Unknown command.
It was a potion of attraction.
You feel attractive to monsters.
You die...

....# #..#####
...# ###......#
..#####...##..##
.....#...###..##
..........###..#
............#(.#
..............o##
............o.oS##
....o....#######@#
..........## #.#
....$......### ###
..........<..##
....#..)......##
....#....?.>...#
.............###
.......#######
#.)....#


You could see a water moccasin and 3 orcs.

Vanquished Creatures
  Menkaure (D:4)
  Edmund (D:5)
  An acid dragon (D:8)
  A water moccasin (D:7)
  3 black bears
  3 orc warriors
  2 ice beasts
  2 sky beasts (D:6)
  2 centaurs
  An ogre (D:6)
  A phantom (D:4)
  A bullfrog (D:9)
  A gnoll sergeant (D:9)
  A scorpion (D:6)
  2 killer bees (D:9)
  5 howler monkeys
  A bombardier beetle (D:4)
  A bullfrog zombie (D:5)
  2 hounds
  A jelly (D:6)
  2 gnoll boudas
  4 quasits (D:7)
  5 orc priests
  A sleepcap (D:6)
  Crazy Yiuf (D:5)
  3 iguanas (D:5)
  15 orc wizards
  A scorpion zombie (D:5)
  15 adders
  18 gnolls
  A shadow imp (D:7)
  3 white imps
  3 ufetubi (D:7)
  3 dart slugs
  25 orcs
  8 ball pythons
  7 endoplasms
  6 giant cockroaches
  12 goblins
  8 hobgoblins
  2 jackals (D:1)
  2 quokkas
  4 bats
  4 frilled lizards
  7 kobolds
  4 rats
197 creatures vanquished.

Vanquished Creatures (collateral kills)
  2 killer bees (D:9)
  2 gnolls (D:9)
4 creatures vanquished.

Grand Total: 201 creatures vanquished

Notes
Turn   | Place    | Note
-------+----------+-------------------------------------------
     0 | D:1      | Bravepunisher the Spriggan Monk began the quest for the
                  | Orb.
     0 | D:1      | Reached XP level 1. HP: 11/11 MP: 2/2
   138 | D:1      | Reached XP level 2. HP: 16/16 MP: 3/3
   345 | D:4      | Found a staircase to the Ecumenical Temple.
   345 | D:4      | Noticed a phantom
   347 | D:4      | Noticed a bombardier beetle
   350 | Temple   | Entered the Ecumenical Temple
   367 | Temple   | Became a worshipper of Makhleb the Destroyer
   367 | Temple   | Reached * piety under Makhleb
   367 | Temple   | Reached ** piety under Makhleb
   662 | D:1      | Reached skill level 1 in Invocations
   673 | D:1      | Reached XP level 3. HP: 16/19 MP: 4/4
   763 | D:1      | Reached skill level 2 in Invocations
  1021 | D:1      | Found a faded altar of an unknown god.
  1180 | D:2      | Reached XP level 4. HP: 22/23 MP: 6/6
  1357 | D:2      | Reached skill level 3 in Invocations
  1822 | D:3      | Reached *** piety under Makhleb
  2220 | D:4      | Killed a phantom
  2221 | D:4      | Reached skill level 4 in Invocations
  2221 | D:4      | Reached XP level 5. HP: 17/27 MP: 7/9
  2479 | D:4      | Reached skill level 5 in Invocations
  2486 | D:4      | Reached XP level 6. HP: 22/32 MP: 9/11
  2811 | D:4      | Reached skill level 6 in Invocations
  2898 | D:4      | Noticed Menkaure
  2904 | D:4      | Killed Menkaure
  2973 | D:4      | Reached XP level 7. HP: 32/35 MP: 13/13
  3074 | D:5      | Entered Level 5 of the Dungeon
  3117 | D:5      | Reached skill level 7 in Invocations
  3206 | D:5      | Noticed Edmund
  3228 | D:5      | Killed Edmund
  3424 | D:5      | Found an iron altar of Okawaru.
  3455 | D:5      | Reached **** piety under Makhleb
  3479 | D:5      | Reached skill level 8 in Invocations
  3774 | D:5      | Reached XP level 8. HP: 36/39 MP: 15/15
  3972 | D:5      | Reached skill level 9 in Invocations
  4018 | D:5      | Found a runed translucent door.
  4019 | D:5      | Noticed Crazy Yiuf
  4121 | D:5      | Found a basalt altar of Yredelemnul.
  4186 | D:5      | Killed Crazy Yiuf
  4308 | D:6      | Reached skill level 10 in Invocations
  5051 | D:6      | Found Moimill's Lightly-Used Armoury.
  5697 | D:7      | Reached XP level 9. HP: 44/45 MP: 18/18
  5701 | D:7      | Reached skill level 11 in Invocations
  5818 | D:7      | Reached ***** piety under Makhleb
  5910 | D:7      | Found Witytut's Weapon Shop.
  6069 | D:7      | Found an ornate altar of the Wu Jian Council.
  6241 | D:7      | Found a glowing golden altar of the Shining One.
  6310 | D:7      | Found a white marble altar of Elyvilon.
  6732 | D:8      | Reached skill level 12 in Invocations
  6915 | D:8      | Reached skill level 5 in Fighting
  7559 | D:9      | Found a radiant altar of Vehumet.
  7822 | D:9      | Reached XP level 10. HP: 43/51 MP: 20/20
  7837 | D:9      | Succumbed to a water moccasin's poison

Illustrated notes

Levels and vault maps discovered:
D:1:      giann_bridges, layout_basic,
          dreamdust_ecumenical_altar_angels_and_demons, hangedman_decor_lopped,
          minmay_hexomino_p4
D:2:      layout_basic, hex_medium
D:3:      layout_loops_cross
D:4:      cheibrodos_greedy_goblins, layout_basic, minmay_temple_entry_arrows,
          uniq_menkaure
D:5:      layout_basic, lemuel_zombie_altar_yredelemnul,
          kennysheep_okawaru_gauntlet, uniq_edmund, uniq_crazy_yiuf_cottage
D:6:      layout_layer_cave, minmay_stone_trees_large,
          kennysheep_cross_bottleneck, minmay_shop_damaged
D:7:      layout_cave_pools, nicolae_elyvilon_peaceful_grove,
          nicolae_overflow_hidden_temple, serial_demonic, serial_demonic_e,
          serial_demonic_e, serial_demonic_c, serial_demonic_e,
          serial_demonic_d, serial_demonic_c, serial_shops, shop
D:8:      layout_basic, chequers_mini_garden
D:9:      layout_layer_cave, old_standard_altar,
          worldfamousw_hep_ancestral_shrine
Temple:   nicolae_temple_ecumenical_triangle

Skill      XL: |  1  2  3  4  5  6  7  8  9 |
---------------+----------------------------+-----
Invocations    | 1 2 4 5 6 8 10 12 | 12.8
Fighting       | 3 5 |  5.5
Short Blades   | |  3.2
Dodging        | |  4.9

Action                     |  1- 3 |  4- 6 |  7- 9 | 10-12 || total
---------------------------+-------+-------+-------+-------++-------
  Melee: Short sword       |    51 |     1 |     2 |       ||    54
         Dagger            |       |       |    29 |       ||    29
  Throw: Throwing net      |       |       |       |     1 ||     1
 Invoke: Minor Destruction |    55 |   116 |   341 |     3 ||   515
         Lesser Servant of |       |       |     1 |       ||     1
  Evoke: Wand              |       |       |     1 |       ||     1
    Use: Potion            |       |       |     5 |     2 ||     7
 Armour: Robe              |    12 |     9 |    63 |     4 ||    88
  Dodge: Dodged            |    48 |    29 |   146 |     4 ||   227

Table legend: (Time is in decaauts)
 A = Elapsed time spent in this place.
 B = Non-inter-level travel time spent in this place.
 C = Inter-level travel time spent in this place.
 D = Time resting spent in this place.
 E = Time spent auto-exploring this place.
 F = Levels seen in this place.
 G = Mean time per level.
                   A        B        C        D        E       F      G
               +--------+--------+--------+--------+--------+-----+--------+
         Total |   5588 |   5426 |    162 |     14 |   4259 |  10 |  558.8 |
       Dungeon |   5571 |   5423 |    148 |     14 |   4259 |   9 |  619.0 |
        Temple |     17 |      3 |     14 |      0 |      0 |   1 |   17.0 |
               +--------+--------+--------+--------+--------+-----+--------+

Top non-repeatable levels by time:
     D:6: 902 daAuts
     D:5: 846 daAuts
     D:4: 777 daAuts
     D:7: 758 daAuts
     D:8: 645 daAuts
     D:1: 588 daAuts
     D:2: 393 daAuts
     D:3: 384 daAuts
     D:9: 275 daAuts
  Temple: 17 daAuts
